Cogmind - Beta 13 @@@ ROGUE MODE // 2024.03.13 @ 17:16:40 Player: ILikeVoltron Result: Destroyed by S-27 Virus with Autogun Performance ------------- Evolutions (4) 2000 Regions Visited (12) 2400 Robots Destroyed (121) 605 Value Destroyed (4202) 4202 Prototype IDs (12) 240 Alien Tech Used (0) 0 Bonus (955) 955 TOTAL SCORE: 10402 Bonus ------- High Alert Combat Kills 260 Follower Combat Kills 695 Cogmind --------- Core Integrity 0/850 Matter 199/300 Energy 99/100 System Corruption 0% Temperature Cool (0) Movement Core (50) Location -6/Lower Caves Parts ------- > --- POWER (2) -------- (None) > --- PROPULSION (4) --- (None) > --- UTILITY (6) ------ Terrain Scan Processor > --- WEAPON (3) ------- (None) > --- INVENTORY (5) ---- High-capacity Matter Pod (0) Nanoactuators Core Shielding Datajack Peak State ------------ > --- POWER ------------ Enhanced Nuclear Core > --- PROPULSION ------- Armored Treads Medium Treads Heavy Treads > --- UTILITY ---------- High-capacity Storage Unit Active Sensor Suite Hardened Medium Armor Plating > --- WEAPON ----------- Gauss Rifle Gauss Cannon Rocket Array > --- INVENTORY -------- Enhanced Nuclear Core Antimatter Reactor Armored Huge Wheel High-capacity Matter Pod High-capacity Matter Pod Matter Filter Nanoactuators Hardened Medium Armor Plating Heart of Steel Heavy Particle Cannon Plasma Cannon Gauss Rifle Heavy Battle Rifle Heavy Battle Rifle Slug Cannon Heavy Rocket Launcher Great Maul [Rating: 77] Favorites ----------- Power Light Angular Momentum Engine Engine Light Angular Momentum Engine Power Core Light Nuclear Core Reactor Antimatter Reactor Propulsion Armored Treads Treads Armored Treads Leg Aluminum Leg Wheel Armored Huge Wheel Hover Unit Aerolev Unit Flight Unit Xenon Bombardment Thruster Utility High-capacity Storage Unit Device Active Sensor Suite Storage High-capacity Storage Unit Processor Visual Processing Unit Hackware Advanced Hacking Suite Protection Light Armor Plating Weapon Great Maul Energy Gun Pulse Rifle Energy Cannon Plasma Cannon Ballistic Gun Heavy Assault Rifle Ballistic Cannon Gauss Cannon Launcher Rocket Array Special Weapon Remote Datajack Impact Weapon Great Maul Slashing Weapon Katana Special Melee Weapon Datajack Build | -11 -10 -9 -8 -7 -7 -7 -7 -7 -6 -6 -6 -6 ------- Run | Yrd Mat Mat Mat Fac Was Fac Low Low Fac Was Fac Low Slots Evolved 8 | . . 2 2 2 . . . . 2 . . . Power 1 | . . . . . . . . . 1 . . . Propulsion 2 | . . 1 1 . . . . . . . . . Utility 4 | . . 1 . 2 . . . . 1 . . . Weapon 1 | . . . 1 . . . . . . . . . Parts Attached 183 | . 12 21 77 28 10 4 11 . 7 2 11 . Power 20 | . 1 2 9 2 1 1 1 . 1 1 1 . Engine 11 | . 1 1 6 2 . . . . . . 1 . Core 6 | . . 1 3 . . 1 1 . . . . . Reactor 3 | . . . . . 1 . . . 1 1 . . Propulsion 61 | . 2 5 28 15 6 . 4 . 1 . . . Treads 34 | . . 4 16 8 6 . . . . . . . Leg 17 | . 2 1 12 . . . 2 . . . . . Wheel 2 | . . . . 1 . . 1 . . . . . Hover 6 | . . . . 4 . . 1 . 1 . . . Flight 2 | . . . . 2 . . . . . . . . Utility 41 | . 4 6 11 4 2 . 2 . 5 1 6 . Device 18 | . 2 . 6 2 . . 1 . 3 1 3 . Storage 5 | . 1 1 1 1 . . . . . . 1 . Processor 5 | . . 3 1 . . . . . . . 1 . Hackware 1 | . . . . . 1 . . . . . . . Protection 12 | . 1 2 3 1 1 . 1 . 2 . 1 . Artifact . | . . . . . . . . . . . . . Weapon 61 | . 5 8 29 7 1 3 4 . . . 4 . Energy Gun 6 | . . 1 3 . . . 1 . . . 1 . Energy Cannon 9 | . . 3 5 1 . . . . . . . . Ballistic Gun 27 | . 3 3 16 1 1 1 . . . . 2 . Ballistic Cannon 4 | . . . 1 2 . . 1 . . . . . Launcher 4 | . 2 . . . . 1 1 . . . . . Special Weapon 2 | . . . . 2 . . . . . . . . Impact Weapon 4 | . . . 1 1 . 1 1 . . . . . Slashing Weapon 4 | . . 1 3 . . . . . . . . . Piercing Weapon . | . . . . . . . . . . . . . Special Melee Weapon 1 | . . . . . . . . . . . 1 . Unidentified Prototypes 8 | . . 1 1 2 . 2 1 . 1 . . . Parts Lost 62 | . 3 5 24 2 1 1 10 . 2 7 7 . Power 11 | . 1 1 2 1 . 1 1 . 1 2 1 . Propulsion 23 | . 1 1 13 1 . . 5 . . 2 . . Utility 11 | . . 2 1 . . . 2 . 1 2 3 . Weapon 17 | . 1 1 8 . 1 . 2 . . 1 3 . Highest Loss Streak 9 | . 3 2 6 1 1 1 9 . 2 7 6 . To Critical Strikes 2 | . 1 . . . . . . . . 1 . . Average Slot Usage (%) 77 | . 93 97 93 80 79 76 57 69 68 39 22 6 Engine 5 | . 12 10 7 6 5 . . . . . 3 . Core 1 | . . . . . . . 6 7 6 3 . . Treads 16 | . . 24 25 11 26 23 11 . . . . . Leg 4 | . 24 6 8 1 . . . . . . . . Hover 1 | . . . . 7 . . . 7 8 8 . . Device 5 | . 6 . 3 13 7 7 7 7 10 3 2 . Storage 8 | . 14 11 9 7 7 7 7 7 6 3 3 . Processor 4 | . . 13 10 . . . . . . . . 6 Protection 4 | . 6 7 3 1 5 7 3 7 7 2 . . Energy Gun 1 | . 7 . 3 . . . . 7 6 4 5 . Energy Cannon 1 | . . 4 1 3 . . . . . . . . Ballistic Gun 8 | . 18 12 15 6 4 7 3 . . . . . Ballistic Cannon 2 | . . . 2 2 7 7 3 7 6 4 . . Impact Weapon 2 | . . . . 5 7 6 5 7 6 4 . . Naked Turns 30 | . . . . . . . . . . 22 8 . Heaviest Build 93 | 11 30 55 74 70 83 86 84 71 93 83 32 . Greatest Support 118 | 20 20 69 88 112 118 118 118 28 31 19 3 3 Greatest Overweight (x) 22 | . 2 1 6 10 1 . 22 2 9 4 10 . Average Overweight (x) . | . . . . 1 . . 1 2 3 1 2 . Largest Inventory Capacity 20 | . 15 20 20 20 20 20 20 20 20 20 5 5 Average Capacity 18 | . 14 18 20 20 20 20 20 20 20 13 5 5 Most Carried 20 | . 15 20 20 20 20 20 20 20 20 20 5 4 Average Carried 17 | . 11 17 19 19 19 19 17 19 19 13 4 4 Final Capacity 20 | 8 15 20 20 20 20 20 20 20 20 5 5 5 Final Carried 20 | 6 15 20 19 20 20 20 20 19 20 5 4 4 Class Distribution -------------------- 26% | Assassin 26% | Mutant 13% | Scavenger-Mutant 10% | Scavenger-Gunner 8% | Scavenger-Skirmisher 6% | Derelict-Mutant 3% | Skirmisher 3% | Tank Dominant Class ---------------- Mutant | -10/Materials Mutant | -9/Materials Scavenger-Gunner | -8/Materials Assassin | -7/Factory Assassin | -7/Waste Assassin | -7/Factory Mutant | -7/Lower Caves Derelict-Mutant | -7/Lower Caves Derelict-Mutant | -6/Factory Mutant | -6/Waste Mutant | -6/Factory Mutant | -6/Lower Caves Resources | -11 -10 -9 -8 -7 -7 -7 -7 -7 -6 -6 -6 -6 ----------- Run | Yrd Mat Mat Mat Fac Was Fac Low Low Fac Was Fac Low Matter Collected 5747 | 200 232 454 2189 536 331 77 1009 281 275 . 118 45 Remotely 454 | . 70 . 384 . . . . . . . . . Salvage Created 4608 | . 182 1051 2161 385 . 144 354 71 260 . . . Parts 284 | . 17 78 150 17 . 8 8 4 2 . . . Haulers Intercepted 6 | . . 1 2 . . 2 . . 1 . . . Recyclers Shooed 7 | . 3 1 2 . . . . . 1 . . . Parts Field Recycled . | . . . . . . . . . . . . . Retrieved Matter . | . . . . . . . . . . . . . Parts Self-Destructed 7 | . . . . . . . 4 3 . . . . Prevented 1 | . . . . . . . 1 . . . . . Kills | -11 -10 -9 -8 -7 -7 -7 -7 -7 -6 -6 -6 -6 ------- Run | Yrd Mat Mat Mat Fac Was Fac Low Low Fac Was Fac Low Combat Hostiles Destroyed 90 | . 6 18 44 7 . 1 12 1 1 . . . Melee 10 | . . 6 1 1 . . 1 1 . . . . Guns 49 | . 4 10 32 3 . . . . . . . . Cannons 20 | . . 2 11 2 . 1 3 . 1 . . . AOE 8 | . 2 . . . . . 6 . . . . . Classes Destroyed 19 | . 4 7 6 1 . . 1 . . . . . Worker 11 | . . 2 2 4 . 2 . . 1 . . . Builder 4 | . . . 2 2 . . . . . . . . Tunneler 1 | . . 1 . . . . . . . . . . Hauler 6 | . . 1 2 . . 2 . . 1 . . . Recycler 4 | . 1 1 1 . . . . . 1 . . . Mechanic 1 | . . . 1 . . . . . . . . . Operator 2 | . 1 . 1 . . . . . . . . . Watcher 3 | . . 1 2 . . . . . . . . . Swarmer 15 | . 4 . 7 . . . 4 . . . . . Grunt 43 | . 2 11 23 . . . 6 . 1 . . . Brawler 2 | . . 1 1 . . . . . . . . . Duelist 1 | . . 1 . . . . . . . . . . Protector 1 | . . . 1 . . . . . . . . . Sentry 17 | . . 5 7 3 . 1 1 . . . . . Specialist 2 | . . . 2 . . . . . . . . . Hunter 5 | . . . 2 2 . . . 1 . . . . Programmer 2 | . . . . 2 . . . . . . . . Heavy 1 | . . . 1 . . . . . . . . . Behemoth 1 | . . . . . . . 1 . . . . . Decomposer 2 | . . . . . . . . 2 . . . . Best Kill Streak 6 | . 3 4 6 3 . 2 6 1 2 . . . Combat Bots Only 6 | . 3 3 6 2 . 1 6 1 1 . . . Max Kills in Single Turn 5 | . 2 2 2 1 . 1 5 1 1 . . . Gunslinging 1 | . . . 1 . . . . . . . . . Exploded 5 | . 2 . . . . . 5 . . . . . Melee 1 | . . 1 1 1 . . 1 1 . . . . Uniques/NPCs Destroyed . | . . . . . . . . . . . . . Combat | -11 -10 -9 -8 -7 -7 -7 -7 -7 -6 -6 -6 -6 -------- Run | Yrd Mat Mat Mat Fac Was Fac Low Low Fac Was Fac Low Hostile Shots Fired 1026 | . 76 96 401 158 1 9 170 8 29 5 72 1 Missed 284 | . 17 26 98 55 . 3 44 4 10 . 27 . Damage Taken 11874 | . 529 1107 4657 1149 84 96 2248 28 278 229 1452 17 Core 1970 | . 59 178 410 117 . 5 342 . 46 104 692 17 Absorbed by Shields . | . . . . . . . . . . . . . Ignored by Resistances 66 | . . . 45 . . . . . 21 . . . Regen/Repaired (Parts) 180 | . . 98 52 . . . 30 . . . . . Core Remaining (%) 57 | 100 76 55 25 . . . . 33 . . . . Volleys Fired 323 | . 35 54 178 30 1 . 17 . 5 . 3 . Largest 3 | . 2 2 3 3 1 . 2 . 2 . 3 . Hottest 141 | . 50 83 128 103 5 . 76 . 98 . 141 . Shots Fired 664 | . 63 101 387 68 1 1 28 . 10 . 5 . Gun 526 | . 60 85 322 38 . . 11 . 5 . 5 . Cannon 125 | . . 16 65 24 . 1 14 . 5 . . . Launcher 6 | . 3 . . . . . 3 . . . . . Special 7 | . . . . 6 1 . . . . . . . Kinetic 565 | . 60 85 328 59 . 1 25 . 5 . 2 . Thermal 54 | . . 9 39 3 . . . . . . 3 . Explosive 6 | . 3 . . . . . 3 . . . . . Electromagnetic 32 | . . 7 20 . . . . . 5 . . . Robot Hit Streak 13 | . 10 13 12 10 3 4 11 . 4 . 4 . Robot Miss Streak 6 | . 4 4 6 4 . . 2 . 1 . 4 . Penetration Max 1 | . . . 1 . . . . . . . . . Secondary Targets 6 | . 2 . 4 . . . . . . . . . Max Gunslinging Chain 1 | . 1 . 1 . . . . . . . . . Shots Hit Robots 492 | . 35 80 261 58 1 5 31 3 11 . 7 . Core Hits 211 | . 14 35 113 14 . 3 26 1 3 . 2 . Critical Kills 3 | . . 1 1 1 . . . . . . . . Critical Parts Destroyed 6 | . . . . 1 . 1 2 1 1 . . . Critical Strikes 15 | . . 2 4 2 . 1 3 1 2 . . . Burn 1 | . . . 1 . . . . . . . . . Destroy 3 | . . 1 1 1 . . . . . . . . Blast 3 | . . . 2 . . . 1 . . . . . Corrupt 1 | . . . . . . . . . 1 . . . Smash 6 | . . . . 1 . 1 2 1 1 . . . Sever 1 | . . 1 . . . . . . . . . . Melee Attacks 74 | . . 21 6 10 . 12 12 4 5 . 4 . Impact 44 | . . . 1 10 . 12 12 4 5 . . . Slashing 26 | . . 21 5 . . . . . . . . . Piercing . | . . . . . . . . . . . . . Sneak Attacks 25 | . . 4 2 5 . 3 1 2 4 . 4 . Combat Hostiles . | . . . . . . . . . . . . . Follow-up Attacks . | . . . . . . . . . . . . . Damage Inflicted 11395 | . 390 1445 4897 1693 . 360 1775 201 566 . 60 8 Guns 5071 | . 274 593 3337 577 . . 169 . 66 . 55 . Cannons 2508 | . . 204 1366 434 . 29 366 . 109 . . . Explosions 916 | . 116 . . . . . 800 . . . . . Melee 2886 | . . 648 194 682 . 331 439 201 391 . . . Ramming 14 | . . . . . . . 1 . . . 5 8 Kinetic 6548 | . 274 593 3991 984 . 29 535 . 109 . 33 . Thermal 596 | . . 69 478 27 . . . . . . 22 . Explosive 916 | . 116 . . . . . 800 . . . . . Electromagnetic 435 | . . 135 234 . . . . . 66 . . . Impact 2044 | . . . . 682 . 331 439 201 391 . . . Slashing 842 | . . 648 194 . . . . . . . . . Piercing . | . . . . . . . . . . . . . Highest Corruption 1 | . . . 1 1 1 1 1 1 . . . . Average Corruption 1 | . . . 1 1 1 1 1 1 . . . . Corruption Purged . | . . . . . . . . . . . . . Corruption Blocked . | . . . . . . . . . . . . . Effects 19 | . . . 7 1 1 3 7 . . . . . Message Errors 2 | . . . . . . . 2 . . . . . Matter Fused 10 | . . . 3 1 1 2 3 . . . . . Heat Flow Errors 2 | . . . 2 . . . . . . . . . Data Loss (minor) 1 | . . . . . . . 1 . . . . . Data Loss (major) 3 | . . . 2 . . . 1 . . . . . Misfires 1 | . . . . . . 1 . . . . . . Overload Shots . | . . . . . . . . . . . . . Overflow Damage 1136 | . . 76 58 362 . 113 207 140 175 . . 5 Projectiles 111 | . . 28 23 51 . . 9 . . . . . Explosions 47 | . . . . . . . 47 . . . . . Melee 978 | . . 48 35 311 . 113 151 140 175 . . 5 Knockbacks 20 | . . . 5 5 . 2 6 . 2 . . . Impact 7 | . . . . 3 . 1 1 . 2 . . . Kinetic 11 | . . . 4 2 . . 5 . . . . . Secondary 2 | . . . 1 . . 1 . . . . . . Self-Inflicted Damage 119 | . . . . . . . 113 . . . 2 4 Shots 6 | . . . . . . . 6 . . . . . Rammed 3 | . . . . . . . . . . . 1 2 Targets Rammed 4 | . . . . . . . 1 . . . 1 2 Kicked 1 | . . . . . . . 1 . . . . . Crushed . | . . . . . . . . . . . . . Highest Temperature 497 | . 52 110 497 36 . 13 195 . 258 . 36 . Average Temperature 99 | . 19 23 125 26 . 8 93 . 118 . 11 . Received Heat Transfer 3804 | . 126 351 2178 162 9 18 801 . 51 . 108 . Effects 18 | . . . 17 . . . . . 1 . . . Shutdowns 4 | . . . 4 . . . . . . . . . Energy Bleed 3 | . . . 2 . . . . . 1 . . . Interference 3 | . . . 3 . . . . . . . . . Matter Decay 1 | . . . 1 . . . . . . . . . Damage (minor) 2 | . . . 2 . . . . . . . . . Damage (major) 5 | . . . 5 . . . . . . . . . Siege Activations . | . . . . . . . . . . . . . Robots Corrupted . | . . . . . . . . . . . . . Combat Hostiles . | . . . . . . . . . . . . . Parts Fried 11 | . . 1 . 4 . 1 2 . 3 . . . Impact Corruptions 28 | . . . . 9 . 3 4 6 4 . . 2 Robots Melted . | . . . . . . . . . . . . . Combat Hostiles . | . . . . . . . . . . . . . Parts Melted . | . . . . . . . . . . . . . Heat Transferred 1321 | . . 148 1073 50 . . . . . . 50 . Parts Sabotaged . | . . . . . . . . . . . . . Parts Stolen . | . . . . . . . . . . . . . Parts Stripped . | . . . . . . . . . . . . . Power Chain Reactions . | . . . . . . . . . . . . . Alert | -11 -10 -9 -8 -7 -7 -7 -7 -7 -6 -6 -6 -6 ------- Run | Yrd Mat Mat Mat Fac Was Fac Low Low Fac Was Fac Low Peak Influence 1238 | . 164 369 725 334 112 1238 . . 198 15 65 . Initial 285 | . . 1 143 285 81 . . . 154 5 10 . Average 244 | . 74 111 409 194 74 618 . . 159 5 16 . Maximum Alert Level 4 | . . 1 3 1 . 4 . . . . . . Low Security (%) 51 | . 100 78 6 40 100 30 . . 100 100 100 . Level 1 30 | . . 21 48 59 . 9 . . . . . . Level 2 14 | . . . 44 . . 1 . . . . . . Level 3 3 | . . . . . . 54 . . . . . . Level 4 . | . . . . . . 3 . . . . . . Level 5 . | . . . . . . . . . . . . . High Security . | . . . . . . . . . . . . . Max Security . | . . . . . . . . . . . . . Squads Dispatched 27 | . 1 1 11 3 . 9 . . 1 . 1 . Investigation 7 | . 1 1 2 1 . 2 . . . . . . Extermination 3 | . . . . 2 . 1 . . . . . . Reinforcement 11 | . . . 5 . . 4 . . 1 . 1 . Assault 5 | . . . 4 . . 1 . . . . . . Garrison 1 | . . . . . . 1 . . . . . . Intercept . | . . . . . . . . . . . . . Searches Triggered . | . . . . . . . . . . . . . Construction Impeded . | . . . . . . . . . . . . . Haulers Reinforced 3 | . . . . . . 2 . . 1 . . . Active Scanning Responses 3 | . . . . 1 . 2 . . . . . . Cargo Convoy Interrupts . | . . . . . . . . . . . . . Stealth | -11 -10 -9 -8 -7 -7 -7 -7 -7 -6 -6 -6 -6 --------- Run | Yrd Mat Mat Mat Fac Was Fac Low Low Fac Was Fac Low Distress Signals 10 | . . 4 5 . . 1 . . . . . . Communications Jammed . | . . . . . . . . . . . . . Distress Signals . | . . . . . . . . . . . . . Times Spotted 162 | . 11 31 69 10 3 6 12 1 4 5 9 1 Peak Tracking Total 8 | . 7 6 7 3 3 3 8 1 2 5 6 . Tactical Retreats 10 | . . 5 2 . . . 1 . 1 . 1 . Traps | -11 -10 -9 -8 -7 -7 -7 -7 -7 -6 -6 -6 -6 ------- Run | Yrd Mat Mat Mat Fac Was Fac Low Low Fac Was Fac Low Traps Triggered 4 | . 1 . . 2 . . . . 1 . . . Indirectly . | . . . . . . . . . . . . . Trap Hack Attempts . | . . . . . . . . . . . . . Triggered . | . . . . . . . . . . . . . Disarmed . | . . . . . . . . . . . . . Reprogrammed . | . . . . . . . . . . . . . Reused . | . . . . . . . . . . . . . Traps Extracted . | . . . . . . . . . . . . . Installed . | . . . . . . . . . . . . . Triggered 1 | . . . . . . . . 1 . . . . Machines | -11 -10 -9 -8 -7 -7 -7 -7 -7 -6 -6 -6 -6 ---------- Run | Yrd Mat Mat Mat Fac Was Fac Low Low Fac Was Fac Low Machines Disabled 24 | . 2 . 3 . . 18 1 . . . . . Max in Single Turn 1 | . 1 . 1 . . . 1 . . . . . Garrison Access 2 | . . . 1 . . 1 . . . . . . Machines Repaired . | . . . . . . . . . . . . . Machines Dismantled . | . . . . . . . . . . . . . Machines Sabotaged . | . . . . . . . . . . . . . Overloaded Fab Kills . | . . . . . . . . . . . . . Hacking | -11 -10 -9 -8 -7 -7 -7 -7 -7 -6 -6 -6 -6 --------- Run | Yrd Mat Mat Mat Fac Was Fac Low Low Fac Was Fac Low Machines Accessed 33 | . 3 8 11 3 . 3 1 . 2 . 2 . Terminals 21 | . 3 5 7 1 . 3 . . 1 . 1 . Fabricators . | . . . . . . . . . . . . . Repair Stations 3 | . . 1 1 1 . . . . . . . . Recycling Units 3 | . . 1 . 1 . . . . 1 . . . Scanalyzers 4 | . . 1 2 . . . . . . . 1 . Garrison Access 1 | . . . 1 . . . . . . . . . Total Hacks 70 | . 9 21 24 3 . 6 1 . 3 . 3 . Successful 33 | . 2 13 12 1 . 2 1 . . . 2 . Failed 37 | . 7 8 12 2 . 4 . . 3 . 1 . Catastrophic 11 | . . 2 5 1 . 1 . . 1 . 1 . Database Lockouts . | . . . . . . . . . . . . . Manual 12 | . . 1 8 . . 3 . . . . . . Terminals 46 | . 9 13 14 1 . 6 . . 2 . 1 . Fabricators . | . . . . . . . . . . . . . Repair Stations 5 | . . 2 2 1 . . . . . . . . Recycling Units 4 | . . 2 . 1 . . . . 1 . . . Scanalyzers 12 | . . 4 6 . . . . . . . 2 . Garrison Access 2 | . . . 2 . . . . . . . . . Terminal Hacks 15 | . 2 5 4 . . 2 1 . . . 1 . Prototype ID Bank 2 | . . 2 . . . . . . . . . . Open Door 1 | . . . . . . . 1 . . . . . Open DSF 1 | . . . . . . . . . . . 1 . Branch Access Points 1 | . . . 1 . . . . . . . . . Terminal Index 1 | . . . 1 . . . . . . . . . Alert Level 1 | . . . 1 . . . . . . . . . Unreport Threat 1 | . . . . . . 1 . . . . . . Locate Traps 2 | . 1 1 . . . . . . . . . . Surveillance Status 1 | . . . 1 . . . . . . . . . Recall Reinforcements 1 | . . 1 . . . . . . . . . . Zone Layout 3 | . 1 1 . . . 1 . . . . . . Fabricator Hacks . | . . . . . . . . . . . . . Repair Station Hacks 5 | . . 2 2 1 . . . . . . . . Scan Component 3 | . . 1 1 1 . . . . . . . . Repair 2 | . . 1 1 . . . . . . . . . Recycling Unit Hacks 2 | . . 2 . . . . . . . . . . Report Inventory 1 | . . 1 . . . . . . . . . . Retrieve Components 1 | . . 1 . . . . . . . . . . Scanalyzer 9 | . . 4 4 . . . . . . . 1 . Insert Component 5 | . . 2 2 . . . . . . . 1 . Analyze 4 | . . 2 2 . . . . . . . . . Garrison Access Hacks 1 | . . . 1 . . . . . . . . . Seal Access 1 | . . . 1 . . . . . . . . . Unauthorized Hacks 1 | . . . 1 . . . . . . . . . Terminals 1 | . . . 1 . . . . . . . . . Track 1 | . . . 1 . . . . . . . . . Fabricators . | . . . . . . . . . . . . . Repair Stations . | . . . . . . . . . . . . . Recycling Units . | . . . . . . . . . . . . . Scanalyzers . | . . . . . . . . . . . . . Garrison Access . | . . . . . . . . . . . . . Data Cores Recovered . | . . . . . . . . . . . . . Used . | . . . . . . . . . . . . . Hacking Detections 24 | . 2 4 9 3 . 3 . . 2 . 1 . Full Trace Events 3 | . . 1 2 . . . . . . . . . Feedback Events 1 | . . . 1 . . . . . . . . . Corruption 1 | . . . 1 . . . . . . . . . Feedback Blocked . | . . . . . . . . . . . . . Robot Schematics Acquired . | . . . . . . . . . . . . . Robots Built . | . . . . . . . . . . . . . Authchips . | . . . . . . . . . . . . . Time . | . . . . . . . . . . . . . Total Robot Build Rating . | . . . . . . . . . . . . . Part Schematics Acquired 4 | . . 2 2 . . . . . . . . . Parts Built . | . . . . . . . . . . . . . Authchips . | . . . . . . . . . . . . . Time . | . . . . . . . . . . . . . Total Part Build Rating . | . . . . . . . . . . . . . Parts Repaired 2 | . . 1 1 . . . . . . . . . Time 82 | . . 32 50 . . . . . . . . . Parts Recycled . | . . . . . . . . . . . . . Recycled Matter . | . . . . . . . . . . . . . Retrieved Matter . | . . . . . . . . . . . . . Retrieved Components 3 | . . 3 . . . . . . . . . . Parts Scanalyzed 5 | . . 2 2 . . . . . . . 1 . Part Schematics Acquired 4 | . . 2 2 . . . . . . . . . Parts Damaged . | . . . . . . . . . . . . . Bothacking | -11 -10 -9 -8 -7 -7 -7 -7 -7 -6 -6 -6 -6 ------------ Run | Yrd Mat Mat Mat Fac Was Fac Low Low Fac Was Fac Low Used RIF Installer . | . . . . . . . . . . . . . Robots Hacked 8 | . . . . 4 1 . . . . . 3 . Non-combat 7 | . . . . 4 . . . . . . 3 . Combat 1 | . . . . . 1 . . . . . . . Robot Hacks Applied 11 | . . . . 6 1 . . . . . 4 . parse_system 3 | . . . . 1 1 . . . . . 1 . no_distress 5 | . . . . 3 . . . . . . 2 . find_chute 1 | . . . . 1 . . . . . . . . find_recycling 2 | . . . . 1 . . . . . . 1 . Relay Couplers Released 3 | . . . . . . 3 . . . . . . Machine Destruction 3 | . . . . . . 3 . . . . . . Fabnet Peak Effective % . | . . . . . . . . . . . . . Robots Rewired 1 | . . . 1 . . . . . . . . . Allies Hacked . | . . . . . . . . . . . . . Hacks Repelled . | . . . . . . . . . . . . . Allies | -11 -10 -9 -8 -7 -7 -7 -7 -7 -6 -6 -6 -6 -------- Run | Yrd Mat Mat Mat Fac Was Fac Low Low Fac Was Fac Low Total Allies 20 | . . . 1 . 19 . . . . . . . Largest Group 19 | . . . 1 . 19 15 5 . . . . . Highest-Rated Group 475 | . . . 16 . 475 402 147 . . . . . Highest-Rated Ally 35 | . . . 16 . 35 35 31 . . . . . Total Orders 2 | . . . . . . . . . 2 . . . ROAM 1 | . . . . . . . . . 1 . . . RETURN 1 | . . . . . . . . . 1 . . . Ally Attacks 201 | . . . 1 . 85 99 16 . . . . . Total Damage 6242 | . . . 14 . 2963 3014 251 . . . . . Kills 33 | . . . . . 9 24 . . . . . . Allies Corrupted . | . . . . . . . . . . . . . Allies Melted 1 | . . . . . . . 1 . . . . . Intel | -11 -10 -9 -8 -7 -7 -7 -7 -7 -6 -6 -6 -6 ------- Run | Yrd Mat Mat Mat Fac Was Fac Low Low Fac Was Fac Low Robot Analysis Total . | . . . . . . . . . . . . . Derelict Logs Recovered 3 | . . . . . . . 1 . . . . 2 Drone Launches 2 | . . . . . . . . . 2 . . . Drone Recoveries 2 | . . . . . . . . . 2 . . . Exploration | -11 -10 -9 -8 -7 -7 -7 -7 -7 -6 -6 -6 -6 ------------- Run | Yrd Mat Mat Mat Fac Was Fac Low Low Fac Was Fac Low Turns Passed 9404 | . 424 1305 2431 1446 519 502 1512 55 452 86 554 118 Spaces Moved 4785 | 1 167 629 1028 631 295 262 913 32 201 72 323 231 Core 601 | . . . . . . . 6 . . 41 323 231 Treads 2530 | . . 485 782 292 295 262 414 . . . . . Legs 559 | 1 167 144 246 . . . 1 . . . . . Wheels 707 | . . . . 103 . . 492 32 80 . . . Hover 372 | . . . . 220 . . . . 121 31 . . Flight 16 | . . . . 16 . . . . . . . . Fastest Speed 50 | 120 120 120 145 103 163 163 130 130 145 50 50 50 Average Speed 162 | 120 187 164 165 196 165 163 151 130 203 115 160 50 Slowest Speed 1150 | 120 260 240 540 865 245 163 1150 130 600 276 550 50 Overloaded Moves . | . . . . . . . . . . . . . Propulsion Burnouts . | . . . . . . . . . . . . . Robots Hopped 1 | . . . . . . . 1 . . . . . Cave-ins Triggered 1 | . . . . . . . 1 . . . . . Exploration Rate (%) 38 | 2 32 52 80 19 96 14 81 7 6 68 12 32 Regions Visited 12 Branch Regions 3 Pre-discovered Areas . | . . . . . . . . . . . . . Known Exits Taken 1 | . . . . . . 1 . . . . . . Unknown Exits Taken 7 | 1 1 1 1 . . . 1 1 . . 1 . Scrap Searched 7 | . . . . . . . 7 . . . . . Spaces Dug 11 | . . . 2 . . 8 . . 1 . . . Terrain Destroyed 97 | . 19 . 19 2 . 8 47 . 2 . . . Melee 11 | . . . 2 . . 8 . . 1 . . . Projectile 23 | . . . 17 2 . . 3 . 1 . . . AOE 63 | . 19 . . . . . 44 . . . . . Terrain Rammed . | . . . . . . . . . . . . . Walls Destroyed . | . . . . . . . . . . . . . Machines Disabled . | . . . . . . . . . . . . . Actions | -11 -10 -9 -8 -7 -7 -7 -7 -7 -6 -6 -6 -6 --------- Run | Yrd Mat Mat Mat Fac Was Fac Low Low Fac Was Fac Low Total 5784 | . 226 779 1463 769 331 315 984 40 225 73 346 233 Wait 187 | . . 27 81 32 7 27 8 . 2 . 3 . Move 4774 | . 166 628 1027 631 294 261 910 31 201 71 323 231 Hop 1 | . . . . . . . 1 . . . . . Pick Up 86 | . 8 14 28 12 6 4 10 2 2 . . . Fast Attach 90 | . 6 9 30 18 7 1 5 . 3 2 9 . Attach 23 | . 1 4 9 1 1 . 4 . 2 . 1 . Detach 13 | . 2 2 5 2 1 . . . 1 . . . Swap 71 | . 5 8 38 9 2 4 2 . 2 . 1 . Drop 123 | . 3 10 56 24 12 6 5 3 2 . 2 . Fire 323 | . 35 54 178 30 1 . 17 . 5 . 3 . Melee 74 | . . 21 6 10 . 12 12 4 5 . 4 . Ram 2 | . . . . . . . . . . . . 2 Kick 1 | . . . . . . . 1 . . . . . Crush . | . . . . . . . . . . . . . Escape Stasis . | . . . . . . . . . . . . . Rewire 16 | . . 2 5 . . . 9 . . . . . Trap . | . . . . . . . . . . . . . Miscellaneous . | . . . . . . . . . . . . . Route ------- -11/Scrapyard -10/Materials (discovered 2 exits: *Mat / [*Min]) -9/Materials (discovered 3 exits: *Mat x2 / [*Sto]) -8/Materials -7/Factory -7/Waste -7/Factory -7/Lower Caves -7/Lower Caves -6/Factory -6/Waste -6/Factory -6/Lower Caves History --------- Turn | Location | Event 1 | -11/Scrapyard | Discovered new exit (range 0) 1 | -11/Scrapyard | Entered Materials 44 | -10/Materials | Discovered new exit (range 11) 242 | -10/Materials | Lost 3 parts (1p1n1w) 404 | -10/Materials | Discovered new exit (range 7) 425 | -10/Materials | Entered another Materials area 425 | -9/Materials | Evolved 2 slots: Propulsion x1, Utility x1 543 | -9/Materials | Discovered new exit (range 11) 1134 | -9/Materials | Build established: Mutant 1157 | -9/Materials | Repaired Hvy. Assault Rifle 1255 | -9/Materials | Discovered new exit (range 15) 1709 | -9/Materials | Discovered new exit (range 12) 1730 | -9/Materials | Entered another Materials area 1730 | -8/Materials | Evolved 2 slots: Propulsion x1, Weapon x1 2401 | -8/Materials | Repaired Lgt. Angular Momentum Engine 2862 | -8/Materials | Found Prototype Device 3084 | -8/Materials | Build established: Scavenger-Gunner 3440 | -8/Materials | Core integrity fell below 50% 3464 | -8/Materials | Lost 6 parts (1p3n1u1w) 3672 | -8/Materials | Lost 4 parts (1p1n2w) 3730 | -8/Materials | First assault squad dispatched 3893 | -8/Materials | Lost 4 parts (4n) 4093 | -8/Materials | Discovered new exit (range 16) 4161 | -8/Materials | Entered Factory 4161 | -7/Factory | Evolved 2 slots: Utility x2 4163 | -7/Factory | Identified Active Sensor Suite 4191 | -7/Factory | Lost 5 parts (3n2w) 4439 | -7/Factory | Build established: Assassin 5067 | -7/Factory | Build established: Skirmisher 5439 | -7/Factory | Build established: Assassin 5607 | -7/Factory | Sucked down chute 5607 | -7/Factory | Entered Waste 5700 | -7/Waste | Spotted C-40 Crusher 5724 | -7/Waste | Spotted C-40 Crusher 5768 | -7/Waste | Spotted C-40 Crusher 5775 | -7/Waste | Crushed by Compactor (1 part destroyed, 1 dropped) 5784 | -7/Waste | Warlord forces began an assault 5786 | -7/Waste | Allies destroyed C-40 Crusher 5792 | -7/Waste | Allies destroyed C-40 Crusher 5798 | -7/Waste | Allies destroyed C-40 Crusher 5828 | -7/Waste | Lost 4 allies 6096 | -7/Waste | Discovered new exit (range 12) 6125 | -7/Waste | Identified exit to Factory 6126 | -7/Waste | Entered Factory 6126 | -7/Factory | Accompanied by 15 allies 6285 | -7/Factory | Lost 4 allies 6321 | -7/Factory | Garrison activated, responded to threat 6367 | -7/Factory | Lost 3 allies 6414 | -7/Factory | Found Prototype Launcher 6415 | -7/Factory | Identified Rocket Array 6544 | -7/Factory | Lost 3 allies 6595 | -7/Factory | Discovered new exit (range 7) 6605 | -7/Factory | Identified exit to Lower Caves 6628 | -7/Factory | Entered Lower Caves 6628 | -7/Lower Caves | Accompanied by 5 allies 6725 | -7/Lower Caves | Encountered a Warlord checkpoint 6806 | -7/Lower Caves | Learned 4 Factory zone layouts 6908 | -7/Lower Caves | Found Prototype Device 6984 | -7/Lower Caves | Spotted B-75 Beast 7025 | -7/Lower Caves | Identified Heart of Steel 7037 | -7/Lower Caves | Lost 4 allies 7085 | -7/Lower Caves | Destroyed B-75 Beast 7311 | -7/Lower Caves | Build established: Tank 7358 | -7/Lower Caves | Attracted the attention of an 0b10 outpost 7427 | -7/Lower Caves | Core integrity fell below 50% 7442 | -7/Lower Caves | Crushed by falling debris 7453 | -7/Lower Caves | Lost 9 parts (1p5n1u2w) 7641 | -7/Lower Caves | Build established: Mutant 8074 | -7/Lower Caves | Discovered new exit (range 10) 8140 | -7/Lower Caves | Entered another Lower Caves area 8162 | -7/Lower Caves | Discovered new exit (range 11) 8195 | -7/Lower Caves | Entered Factory 8195 | -6/Factory | Evolved 2 slots: Power x1, Utility x1 8393 | -6/Factory | Build established: Derelict-Mutant 8529 | -6/Factory | Spotted B-75 Beast 8647 | -6/Factory | Sucked down chute 8647 | -6/Factory | Entered Waste 8659 | -6/Waste | Spotted C-40 Crusher 8683 | -6/Waste | Crushed by Compactor (1 part destroyed, 1 dropped) 8698 | -6/Waste | Crushed by Compactor (1 part destroyed, 1 dropped) 8709 | -6/Waste | Spotted C-40 Crusher 8711 | -6/Waste | Crushed by Compactor (1 part destroyed, 2 dropped) 8713 | -6/Waste | Spotted C-40 Crusher 8714 | -6/Waste | Spotted C-40 Crusher 8727 | -6/Waste | Spotted C-40 Crusher 8727 | -6/Waste | Discovered new exit (range 12) 8733 | -6/Waste | Entered Factory 8742 | -6/Factory | Lost 7 parts (2p2n2u1w) 8980 | -6/Factory | Build established: Mutant 9200 | -6/Factory | Core integrity fell below 50% 9232 | -6/Factory | Lost 6 parts (1p3u2w) 9276 | -6/Factory | Core integrity fell below 20% 9280 | -6/Factory | Discovered new exit (range 12) 9287 | -6/Factory | Entered Lower Caves 9405 | -6/Lower Caves | Destroyed by S-27 Virus with Autogun Last Messages --------------- 09202_ K-01 Serf collects debris. 09222_ Acquired Terrain Scan Processor. 09266_ Connecting with DSF Access... 09280_ EXIT=FOUND 09284_ Gatling Laser destroyed. 09287_ Slammed into Y-54 Guardian. LOCATION=UNKNOWN GOAL=ESCAPE 09288_ Slammed into G1-6VM(S). 09288_ Destroyed Com. Battery. 09288_ G1-6VM(S) system corrupted by crushing effect. 09289_ Slammed into G1-6VM(S). 09289_ Destroyed Com. Battery. 09289_ G1-6VM(S) system corrupted by crushing effect. 09290_ G1-6VM(S) system terminally corrupted. 09290_ Acquired 45 matter. 09327_ Acquired derelict log, extracted data. Data stored: Upper Caves entrances (x1). 09342_ Acquired derelict log, extracted data. Data stored: Upper Caves entrances (x1). Map ----- +----------------------------------------------------+ | ?????????????????????????????????????????????????? | | ?????????????????????????????????????????????????? | | ??????????????????????????????####????####???????? | | ???????????????????????????#### ##?### ##??????? | | ??????????????????????????## ### ##???### | | ??????????????????????????# ## #??## # | | ??????????????????????????# #??# | | ??????????????????????????## #?## | | ???????????????????????????## ## #### | | ????????????????????????????###?## | | ?????????????????????????????????# ## | | ????????????????????????????????## ## " " | | ???????????????????????????????## ## """ "" | | ???????????????? ??????????????# """" "" | | ?????????????? ?????????????### "" " # | | ???????????????s ???????????????## # | | ???????????????? ???????????????## | | ????????????? ??# ???????????????### | | ???????????? ## ????????????????#### | | ???????????? ???????########????## | | ???????????? ??????# ## ####### | | ???????????# ????## # | | ???????????# ??## | | ???????????? ### ##### ## | | ????????????????# ##???## ### | | ?????????????????# @ ##?????# ##?# | | ?????????????????# ####??????# #?## | | ????????????????# ##?????????# #?# | | ???????????????# #??????????# ## | | ??????????????# #??????????## | | ??????????????# ## ???????????## | | ?????????????# ??# ????????????## | | ?????????????# ??? ????????????### | | ?????????????#??? ??????????????## | | ???????????????? ???????????????# | | ??????????????? ??????????????# # | | ??????????????? ??????????????#### | | ???????????????? ?????????????????# | | ?????????????????? ####### ????????????????### | | ?????????????????????#??????? ???????????????????? | | ?????????????????????????????????????????????????? | | ?????????????????????????????????????????????????? | | ?????????????????????????????????????????????????? | | ?????????????????????????????????????????????????? | | ?????????????????????????????????????????????????? | | ?????????????????????????????????????????????????? | | ?????????????????????????????????????????????????? | | ?????????????????????????????????????????????????? | | ?????????????????????????????????????????????????? | | ?????????????????????????????????????????????????? | +----------------------------------------------------+ Best States ------------- Heat Dissipation 61 Energy Generation 30 Energy Capacity 650 Matter Stores 368 Matter Capacity 400 Sight Range 18 Robot Scan Range 20 Terrain Scan Range 14 Terrain Scan Density 85 Additional Mass Support 12 Armor Coverage 300 Resistance: KI 20 Resistance: TH 10 Resistance: EM 15 Core Shielding 20 Evasion (%) 55 Targeting Accuracy 5 Melee Accuracy 5 Recoil Reduction 4 Offensive Hacking 14 Item Schematics ----------------- Lgt. Armor Plating | -9/Materials | Scanalyzed Grenade Launcher | -9/Materials | Scanalyzed Katana | -8/Materials | Scanalyzed Imp. Light Armor Plating | -8/Materials | Scanalyzed Robot Schematics ------------------ None Fabricated ------------ Nothing Alien Tech Used ----------------- None Achievements -------------- Below Challenges ------------ None Game ------ Seed CatalystControlRegenerator Manual? 0 Play Time 01:56:19 Cumulative 104.8 hours Start 2024.03.12 @ 18:57:25 End 2024.03.13 @ 17:16:40 Sessions 7 Manual Loads 0 Difficulty Rogue Special Mode None Game No. 161 Rogue 157 Adventurer 0 Explorer 4 Win Type - Total 0 Types 0/0/0/0/0/0/0/0/0 Lore% 24 Gallery% 41 Achievement% 33 Wizard Run 0 Options --------- Layout 2 ASCII 0 Keyboard 1 Movement Arrows Keybinds 0 Fullscreen 2 Font 32/SmallcapsGlow Map View 130x44 Zoom Use 0% Tactical HUD 1 Map Filters NONE Filters NONE Steam 1 RUN: 0dbe434e-d42b-47ad-bfca-f8a30f682923